[Event "Polish Youth B18 Championship 2023"]
[Site "Jastrzebia Gora"]
[Date "2023.03.13"]
[Round "3.7"]
[White "Backiel, Hubert"]
[Black "Kacprzak, Kacper"]
[Result "0-1"]
[ECO "B52"]
[WhiteElo "2127"]
[BlackElo "2248"]
[Annotator "TA"]
[PlyCount "102"]
[EventDate "2023.03.11"]
[EventType "swiss"]
[EventCountry "POL"]
[SourceTitle "playchess.com"]
[Source "ChessBase"]
[SourceQuality "1"]
[TimeControl "40/5400+30:1800+30"]

1. e4 c5 2. Nf3 d6 3. Bb5+ Bd7 4. Bxd7+ Qxd7 5. c4 Nf6 6. Nc3 g6 {[%emt 0:00:04] B52: Sicilian: Moscow Variation with 3...Bd7.} 7. d4 cxd4 8. Nxd4 Bg7 {[%emt 0:00:04] White has an edge.} 9. h3 Qc7 10. Qe2 O-O 11. O-O Nc6 12. Nc2 Rac8 13. Rb1 {[%emt 0:10:53] [#]} Nd7 $146 ({Predecessor:} 13... a6 14. a3 Na5 15. b3 b5 16. Nb4 e6 17. Nxa6 Qb7 18. Nb4 bxc4 19. bxc4 Qa8 {½-½ Barbalic,Z (2067)-Stone,G (2057) FIN jub50 Gr30 email 2012}) 14. Bd2 (14. Nd5 $5 Qb8 15. Rd1 $11) 14... Nc5 (14... Bxc3 $5 15. Bxc3 Na5 $11) 15. Rfd1 Qd7 16. Be3 Bxc3 17. Bxc5 Bg7 18. Ba3 Qe6 19. b3 f5 20. Re1 Bc3 21. exf5 Qxf5 (21... Qxe2 {simplifies} 22. Rxe2 Rxf5 23. Bc1 Kf7) 22. Qe6+ $2 {[%emt 0:05:48] [#] This costs White the game.} (22. Red1 $11 {and White has nothing to worry.}) 22... Qxe6 $1 $19 23. Rxe6 Be5 24. Bb2 Kf7 25. Rxe5 dxe5 26. Re1 (26. Ne3 {was necessary.}) 26... Rfd8 {[%emt 0:01:34] ...Rd2 is the strong threat.} 27. Bc1 {[%emt 0:01:42] Dodges Rd2} Rd3 ({Stronger than} 27... Nd4 28. Ne3 $17) 28. Ne3 a5 29. Kf1 {[%emt 0:00:55] [#]} a4 $1 30. bxa4 Na5 31. Ke2 Rdd8 32. c5 Rxc5 33. Ba3 Rc7 34. Rb1 Rd4 35. Bb2 Rxa4 36. Bxe5 Rxa2+ 37. Kf3 Rd7 38. Bc3 Nc6 39. Rb6 Ra3 40. Bb2 Ra4 41. Bc3 Nd4+ ({Wrong is} 41... Rd3 $2 42. Bb2 $19) 42. Bxd4 Raxd4 {[%emt 0:00:03][%mdl 4096] Endgame KRR-KRN} 43. Ng4 Rc7 ({Don't blunder} 43... Rd3+ $2 44. Ke2 R3d5 45. Kf3 $19) 44. Rb3 h5 45. Ne3 Rd6 46. g4 hxg4+ 47. hxg4 b6 {[%emt 0:00:10][%cal Bb7b6,Bb6b5][%mdl 32] Black is clearly winning.} 48. Kg3 Rc5 49. f4 (49. Ng2 $142 b5 50. Ne1) 49... b5 {[%emt 0:00:33] ...Rd4 would be deadly.} 50. Kf3 Rd4 {[%emt 0:00:30] And now ...b4 would win.} 51. f5 g5 {[%emt 0:00:17] Weighted Error Value: White=0.40/Black=0.08 (flawless)} 0-1

[Event "Polish Youth B18 Championship 2023"]
[Site "Jastrzebia Gora"]
[Date "2023.03.13"]
[Round "3.8"]
[White "Karolczuk, Iwo"]
[Black "Krasniewski, Szymon"]
[Result "1-0"]
[ECO "B24"]
[WhiteElo "2346"]
[BlackElo "1771"]
[Annotator "TA"]
[PlyCount "83"]
[EventDate "2023.03.11"]
[EventType "swiss"]
[EventCountry "POL"]
[SourceTitle "playchess.com"]
[Source "ChessBase"]
[SourceQuality "1"]
[TimeControl "40/5400+30:1800+30"]

1. e4 c5 2. Nc3 Nc6 3. Bb5 g6 4. Bxc6 dxc6 5. d3 Bg7 6. f4 {[%emt 0:00:58] B23: Closed Sicilian: Lines without g3.} Nf6 7. Nf3 O-O 8. Be3 {[%emt 0:05:45] White is slightly better.} b6 9. Qd2 a5 10. a4 Qc7 11. h3 Ba6 {[%emt 0:06:34] [#]} 12. O-O $146 ({Predecessor:} 12. g4 Rad8 13. Qf2 Rfe8 14. O-O Bc8 15. Qh4 h5 16. f5 Ba6 17. Ng5 hxg4 18. hxg4 c4 19. d4 b5 20. e5 Nd5 21. Nxd5 Rxd5 22. Qh7+ Kf8 23. Ne6+ {1-0 Neuman,P (2476)-Hlavac,R (2083) Marianske Lazne op 2011 (5)}) 12... c4 13. d4 ({White should try} 13. dxc4 $14 Bxc4 14. Rfd1) 13... b5 $1 $11 14. axb5 cxb5 15. e5 Ne8 (15... b4 $11 {keeps the balance.} 16. exf6 bxc3 17. Qxc3 exf6) 16. Ne4 {[%emt 0:04:22] White is more active.} (16. Rfd1 $16) 16... Bb7 17. Nc5 Bd5 {[%emt 0:00:56][%cal Oe8d6] Wards off f5} 18. Qe1 e6 19. g4 Qc6 20. Qg3 Nc7 (20... f5 $1 $15) 21. Nh4 (21. f5 $11) 21... f5 (21... Na6 {simplifies} 22. Rxa5 Nxc5 23. Rxa8 Rxa8 24. dxc5 b4) 22. exf6 $1 Bxf6 23. f5 gxf5 24. gxf5+ (24. Kh2 $11 {and White has nothing to worry.}) 24... Kh8 $19 {[%emt 0:00:18] ...exf5 is the strong threat.} 25. Kh2 (25. Rf4 $142 exf5 26. Nxf5) 25... exf5 26. Rg1 (26. Nxf5 $2 {too greedy.} Rg8 27. Bf4 Rxg3 $19) 26... Rg8 27. Qf2 Ne6 28. Nxf5 (28. Nxe6 $17 Bxe6 29. Qf4) 28... Qc7+ (28... Ng5 $1 $19 {[%cal Rg5f3] is more deadly. White must now prevent ...Nf3+.} 29. Nh4 Rae8) 29. Ng3 $17 Raf8 30. Nxe6 {[%emt 0:01:06][%mdl 64] Remove Defender} Bxe6 {[%emt 0:00:03] A strong pair of Bishops.} 31. Raf1 $2 (31. Bf4 $17 Qd7 32. c3 Bxh3 33. Nh5) 31... Rf7 $2 (31... Be5 $1 $19 32. dxe5 (32. Qxf8 $2 {is the wrong capture.} Bxg3+ 33. Kh1 Rxf8 $19) 32... Rxf2+ 33. Rxf2 c3) 32. Bf4 $11 Qd8 {[%emt 0:01:03] [#]} (32... Qd7 $1 $11 33. Nh5 Rxg1 34. Qxg1 Bxd4) 33. c3 $2 (33. Nh5 $1 $18 Qxd4 34. Rxg8+ Kxg8 35. Qg3+ Bg7 36. Rg1) 33... Qd5 34. Qe2 {[%emt 0:01:00] Threatens to win with Nh5.} Rg6 35. Nh5 {[%emt 0:02:33] Strongly threatening Nxf6.} Be7 {[%emt 0:00:37][%mdl 8192] [#]} ({Better is} 35... Kg8 $1 $14) 36. Be5+ $1 $18 Kg8 37. Nf4 Rxf4 38. Rxg6+ ({Not} 38. Bxf4 Qf5 39. Rg4 Qd5 $18) 38... hxg6 39. Rxf4 Bg5 (39... Bd7 {might work better.} 40. Rf1 a4) 40. Rf1 {[%emt 0:00:00] Rg1 would be deadly.} Bf5 $2 {[%emt 0:00:00] [#]} (40... Be7 41. h4 Bd7) 41. Rxf5 $1 {[%emt 0:05:37][%mdl 576] Deflection} gxf5 42. Qh5 {[%emt 0:00:09] Excellently played by Karolczuk!   Weighted Error Value: White=0.45/Black=0.74} 1-0

[Event "Polish Youth B18 Championship 2023"]
[Site "Jastrzebia Gora"]
[Date "2023.03.13"]
[Round "3.9"]
[White "Zdybel, Przemyslaw"]
[Black "Jedraszek, Pawel"]
[Result "1-0"]
[ECO "B23"]
[WhiteElo "2268"]
[BlackElo "1944"]
[Annotator "TA"]
[PlyCount "81"]
[EventDate "2023.03.11"]
[EventType "swiss"]
[EventCountry "POL"]
[SourceTitle "playchess.com"]
[Source "ChessBase"]
[SourceQuality "1"]
[TimeControl "40/5400+30:1800+30"]

1. e4 c5 2. Nc3 a6 3. g3 b5 4. Bg2 Bb7 5. d3 e6 6. Nh3 b4 {[%emt 0:01:36] B23: Closed Sicilian: Lines without g3.} 7. Ne2 d5 8. O-O dxe4 {[%emt 0:03:34] The position is equal.} 9. dxe4 Qxd1 10. Rxd1 Nf6 11. e5 Bxg2 12. Kxg2 Nfd7 13. f4 Be7 {[%emt 0:03:08] [#]} 14. Nf2 $146 ({Predecessor:} 14. Be3 Nc6 15. c4 O-O-O 16. Nf2 Kc7 17. b3 f6 18. exf6 Bxf6 19. f5 e5 20. Ne4 {0-1 Sievers,S (2360)-Landa,K (2632) BL2-Nord 0203 2002 (2.2)}) 14... Nc6 15. c4 Kd8 16. Be3 Kc7 17. Ne4 Na5 18. b3 h6 19. Nd6 {[%emt 0:20:22] White is much more active.} Bxd6 20. Rxd6 Nb7 21. Rdd1 Kc6 22. h3 (22. Rd2 {looks sharper.} a5 23. Rad1 Rhd8 24. Nc1) 22... f6 (22... a5 $11) 23. exf6 $14 gxf6 24. Rd2 h5 (24... f5 {simplifies} 25. a3 a5 26. Rda2 bxa3 27. Rxa3 Nb6) 25. Rad1 Rh7 26. f5 exf5 27. Nf4 Ne5 28. Nd5 Rf8 29. Bf4 $36 {[%emt 0:01:50][%mdl 2048] White is on the roll.} Ng6 (29... a5 $142) 30. Re1 $16 {[%emt 0:02:04] [#] Threatens to win with Re6+.} Nxf4+ 31. Nxf4 {[%emt 0:00:20] Black must now prevent Re6+.} Kb6 (31... Rd8 $16 32. Nd5 Rg7) 32. Rd5 $18 h4 33. gxh4 Rg8+ 34. Kf3 Rxh4 35. Rxf5 Nd8 $2 (35... Rh7 36. Rxf6+ Ka7) 36. Rxf6+ Nc6 37. Ree6 Ka5 38. Kf2 ({Don't take} 38. Rxc6 Rxf4+ 39. Rxf4 (39. Kxf4 Rg4+ 40. Kf5 Rf4+ 41. Kg6 Rxf6+ 42. Kxf6 $11) 39... Rg3+ 40. Ke4 Re3+ 41. Kd5 Re5+ 42. Kd6 Re6+ 43. Kxc5 Rxc6+ 44. Kd5 Rh6 $18) 38... Rg5 39. Rd6 {[%emt 0:03:02] [#] Strongly threatening Ne6.} Re5 (39... Rg8 $142 40. Ng6 Rxg6 41. Rxg6 Rxh3) 40. Ng6 {[%emt 0:00:00][%cal Og6e5] Nxe5! would kill now.} (40. Rxc6 Rxf4+ 41. Rxf4 Re2+ 42. Kxe2 $11) 40... Rf5+ 41. Rxf5 {[%emt 0:06:35] Weighted Error Value: White=0.15 (very precise) /Black=0.48} 1-0

[Event "Polish Youth B18 Championship 2023"]
[Site "Jastrzebia Gora"]
[Date "2023.03.13"]
[Round "3.10"]
[White "Kacprzak, Karol"]
[Black "Karut, Kacper"]
[Result "1-0"]
[ECO "B56"]
[WhiteElo "2221"]
[BlackElo "1904"]
[Annotator "TA"]
[PlyCount "111"]
[EventDate "2023.03.11"]
[EventType "swiss"]
[EventCountry "POL"]
[SourceTitle "playchess.com"]
[Source "ChessBase"]
[SourceQuality "1"]
[TimeControl "40/5400+30:1800+30"]

1. e4 c5 2. Nf3 d6 3. d4 cxd4 4. Nxd4 Nf6 5. Nc3 Nc6 6. f3 e5 7. Nb3 Be7 8. Be3 O-O {[%emt 0:00:14] 8...Be6 gains popularity.} 9. Qe2 {[%emt 0:01:46] B56: Classical Sicilian: Unusual Lines.} (9. Qd2 $142) 9... Be6 ({Black should play} 9... d5 $11 10. Nxd5 Nxd5 11. exd5 Qxd5) 10. O-O-O $14 Qb8 11. g4 {[%emt 0:03:19][%cal Bg2g4,Bg4g5][%mdl 32] White is slightly better.} Rc8 {[%emt 0:08:50] [#]} 12. g5 $146 (12. Kb1 {is interesting.} Nb4 13. g5 Nh5 14. a3) ({Predecessor:} 12. Kb1 a5 13. g5 Nd7 14. a3 a4 15. Nc1 Nd4 16. Bxd4 exd4 17. Nb5 Bxg5 18. Nxd4 {1-0 Brodsky,M (2561)-Kryakvin,D (2472) Voronezh op-A 2006 (5)}) 12... Nh5 13. Kb1 b6 (13... Nb4 $11) 14. Nd5 Bxd5 (14... Bf8 $14) 15. exd5 $16 Na5 16. f4 g6 {[%emt 0:05:05] [#]} (16... Nc4 $16 {is a better defense.}) 17. f5 Nc4 18. Bc1 b5 (18... a5 $142) 19. f6 (19. Bh3 $142) 19... Bf8 20. Bh3 Rc7 21. Bg4 Nf4 22. Qf1 (22. Bxf4 $16 exf4 23. Rd4) 22... Qb6 23. Qg1 (23. Bxf4 $5 exf4 24. Qxf4 $16) 23... Qb7 24. Qf2 (24. Qg3 $16) 24... a5 25. Bxf4 a4 26. Bc1 (26. Nd4 $1 $14) 26... axb3 $11 27. cxb3 Qa6 $2 {[%emt 0:01:53] White leaves nothing to chance now.} 28. a3 $18 {[%emt 0:00:15] Active counter play!} (28. bxc4 $2 {is the wrong capture.} Qxa2+ 29. Kc2 Qxc4+ 30. Kd2 Qe4 $19) 28... Na5 29. Qe3 {[%emt 0:01:12] Prevents b4.} b4 {[%emt 0:04:37] Hoping for ...bxa3.} 30. a4 (30. axb4 {gets mated.} Nxb3) 30... Nb7 {[%emt 0:01:14] Black is weak on the light squares} 31. Qe2 Qa5 (31... Nc5 {might work better.}) 32. Be3 Nc5 33. Bxc5 Rxc5 34. Rc1 Ra7 35. Bf3 Qc7 (35... Qa6 {was called for.} 36. Qxa6 Rxa6) 36. Be4 Qb6 (36... h5 $142 37. Qd3 Kh7) 37. h4 h5 38. Qd3 Kh7 39. Rhd1 Rac7 40. Qd2 Rd7 (40... Qa6 $142 41. Rxc5 dxc5) 41. Qe2 Kg8 42. Rxc5 dxc5 {[%emt 0:04:15] [#]} 43. d6 $1 Rxd6 44. Rxd6 Qxd6 {[%emt 0:00:07][%mdl 4096] Endgame KQB-KQB} 45. Qc4 Qd4 46. a5 {[%emt 0:00:45][%cal Ba4a5,Ba5a6][%mdl 32] Threatens to win with a6.} ({Inferior is} 46. Bxg6 Qxc4 47. bxc4 fxg6 $11) 46... Qxc4 47. bxc4 {[%emt 0:00:05] KB-KB. White mates.} Bd6 48. a6 Bb8 49. Kc2 Kf8 50. Kb3 Ke8 51. Ka4 Kd7 52. Kb5 Ba7 53. Bd5 Kd6 54. Bxf7 e4 55. Bxg6 e3 56. Bxh5 {[%emt 0:00:06] Weighted Error Value: White=0.23 (precise) /Black=0.48} 1-0

[Event "Polish Youth B18 Championship 2023"]
[Site "Jastrzebia Gora"]
[Date "2023.03.13"]
[Round "3.11"]
[White "Malik, Maciej"]
[Black "Taranowicz, Michal"]
[Result "0-1"]
[ECO "C11"]
[WhiteElo "2163"]
[BlackElo "1900"]
[Annotator "TA"]
[PlyCount "142"]
[EventDate "2023.03.11"]
[EventType "swiss"]
[EventCountry "POL"]
[SourceTitle "playchess.com"]
[Source "ChessBase"]
[SourceQuality "1"]
[TimeControl "40/5400+30:1800+30"]

1. e4 e6 2. Nf3 d5 3. Nc3 Nf6 4. e5 Nfd7 5. Ne2 c5 6. c3 Nc6 7. d4 Qb6 8. a3 cxd4 9. cxd4 f6 {[%emt 0:00:44] C11: French: Classical System: 4 e5 and 4 Bg5 dxe4.} 10. exf6 Nxf6 11. Nf4 Bd6 {[%emt 0:00:33] The position is equal.} 12. Bd3 O-O (12... Nxd4 13. Nxd4 e5 14. Nxd5 Qa5+ 15. Nc3 exd4 16. Bb5+ Bd7 17. Bxd7+ (17. Qxd4 Bxb5 18. Qxd6 Bc4 $14) 17... Nxd7 18. Qxd4 $16) 13. O-O {[%emt 0:01:12] [#]} Qc7 $146 ({Predecessor:} 13... Bd7 14. Ne2 Qc7 15. Nc3 a6 16. Bg5 Kh8 17. Rc1 Be8 18. Bh4 Bh5 19. Bg3 Bxg3 20. hxg3 {0-1 Luz,E (2106)-Santiago,Y (2402) Barreirinhas Athenas op 2015 (6)}) 14. Ne2 e5 15. dxe5 Nxe5 16. Nxe5 Bxe5 17. Ng3 Bd7 18. Qb3 Bc6 19. Bg5 (19. Be3 {keeps more tension.} Ng4 20. Bc5 Rf7 21. Be2) 19... Kh8 20. Qb4 Ne4 21. Bxe4 {[%emt 0:08:08] Bd3 is the strong threat.} dxe4 22. Rad1 Rae8 (22... a5 $5 23. Qb3 a4 $11) 23. Be3 a5 24. Qb3 a4 25. Qb4 Rf6 26. Rd2 {[%emt 0:04:05] [#]} h5 $1 27. Rfd1 (27. Rc1 Rg6) 27... h4 28. Nf1 {[%emt 0:00:01] [#]} h3 $1 {[%emt 0:17:05][%mdl 64] Deflection} 29. gxh3 (29. g3 Qf7) 29... Rf3 (29... Qc8 $17) 30. Bb6 {[%emt 0:04:04] [#]} (30. Ng3 $11 {remains equal.}) 30... Qf7 $1 $17 {[%emt 0:00:53] Black has more active pieces.} 31. Rd8 $2 {[%emt 0:00:19] [#]} (31. Ng3 $2 Rb3 32. Qc5 e3 33. fxe3 Bxg3 34. hxg3 Qf3 $19) (31. Be3 $17 {only move.}) 31... Rxd8 $2 (31... Rxh3 32. Rxe8+ Bxe8 33. Qxe4 $11) (31... Rb3 $1 $19 {[%cal Rb3b4] has better winning chances.} 32. Rxe8+ Qxe8) 32. Rxd8+ {[%emt 0:00:12] White is weak on the light squares} Kh7 33. Qd2 $2 (33. Ng3 $2 Rb3 34. Qc5 Rb5 $19) (33. Be3 $17) 33... Rxh3 (33... Rb3 $142 34. Be3 Bxb2) 34. Qg5 (34. Ng3) 34... Rh5 $2 (34... e3 35. Nxe3 Rxh2) 35. Qg4 $19 Bf6 {[%emt 0:00:05] This pair of bishops is nice.} (35... Bxb2 36. Ng3 Rh6 37. Be3 $15) 36. Rf8 {[%emt 0:00:09] Dodges Rg5} Qg6 (36... Qxf8 37. Qxh5+ Kg8 38. Qe2 $17) (36... Qd5 $19 {( -> ...Rg5)} 37. Ng3 Rh4 38. Qf5+ Qxf5 39. Nxf5 Rg4+ 40. Ng3 Bxb2) 37. Rh8+ $1 $15 {[%emt 0:00:41][%mdl 64] Deflection} Kxh8 38. Qxg6 Rg5+ 39. Qxg5 $1 Bxg5 {[%emt 0:00:04][%mdl 4096] Endgame KBB-KBN} 40. Bd4 Kg8 41. Ne3 Bf4 42. Bc3 Kf7 43. Bd4 g5 44. Ng2 Bd6 45. Ne3 Ke6 46. Bc3 Bb5 47. Bd4 Be2 48. Bc3 Kf7 (48... g4 $17) 49. Nf5 Bf4 50. h4 g4 51. h5 Bc4 52. Kg2 Kg8 53. h6 (53. Ne7+ $11 Kh7 54. Ng6) 53... Kh7 54. Ng3 (54. Ne3 $15 Be6 55. Bd2) 54... Bd5 ({Better is} 54... Kxh6 $19 {White must now prevent ...Kg6.} 55. Nf5+ Kh7) 55. Nh5 $1 e3+ (55... Bxh6 $2 56. Nf6+ Kg6 57. Nxd5 $18) 56. Kg1 {[%emt 0:00:23] White is now going downhill.} (56. Kf1 $1 $15 Bg5 57. Nf6+ Bxf6 58. Bxf6) 56... Bg5 $19 {[%emt 0:00:42] Threatens to win with ...e2.} ({Resist} 56... Bxh6 57. Nf6+ Kg6 58. Nxd5 $18) ({Not} 56... exf2+ 57. Kxf2 Bg5 58. Nf6+ Bxf6 59. Bxf6 $15) 57. fxe3 (57. Nf6+ Bxf6 58. Bxf6) 57... Bxe3+ ({Don't play} 57... Bxh6 58. Nf6+ Kg6 59. Nxd5 $18) 58. Kf1 {[%emt 0:00:29] Strongly threatening Nf6+.} Kxh6 (58... Bxh6 $2 59. Nf6+ Kg6 60. Nxd5 $18) 59. Ng3 {[%emt 0:00:15] aiming for Nf5+.} Kg5 {[%emt 0:00:31] Inhibits Nf5. And now ...Kf4 would win.} 60. Ke2 Bf4 61. Kf2 Kh4 62. Nf1 Kh3 (62... g3+ $142 63. Nxg3 Bxg3+ 64. Ke3 b5) 63. Bd4 Bc4 {[%emt 0:00:32] Hoping for ...Bxf1.} 64. Kg1 (64. Ne3 $142 Bg3+ 65. Kg1 Bh2+ 66. Kf2 g3+ 67. Kf3) 64... Bxf1 65. Kxf1 {[%emt 0:00:02] KB-KB} g3 66. Ke2 g2 67. Kd3 {[%emt 0:00:16] [#]} Be5 $1 {[%emt 0:00:07][%mdl 576] Deflection, Promotion} 68. Bg1 (68. Bxe5 g1=Q) 68... Bxb2 69. Kc4 Bxa3 70. Kb5 Bd6 71. Kxa4 Bh2 {[%emt 0:00:06] An entertaining game by Taranowicz.   Weighted Error Value: White=0.45/Black=0.33} 0-1

[Event "Polish Youth B18 Championship 2023"]
[Site "Jastrzebia Gora"]
[Date "2023.03.13"]
[Round "3.12"]
[White "Wojdak, Jan"]
[Black "Madajczak, Piotr"]
[Result "1/2-1/2"]
[ECO "B13"]
[WhiteElo "2097"]
[BlackElo "1897"]
[Annotator "TA"]
[PlyCount "116"]
[EventDate "2023.03.11"]
[EventType "swiss"]
[EventCountry "POL"]
[SourceTitle "playchess.com"]
[Source "ChessBase"]
[SourceQuality "1"]
[TimeControl "40/5400+30:1800+30"]

1. e4 c6 2. d4 d5 3. exd5 cxd5 4. Bd3 Nc6 5. c3 Nf6 6. Bf4 Bg4 7. Qb3 Qd7 8. Nd2 e6 9. Ngf3 Bd6 $1 {[%emt 0:00:46][%mdl 4] outshines the older 9...Bxf3.} 10. Bxd6 Qxd6 11. O-O {[%emt 0:00:06] B13: Caro-Kann: Exchange Variation and Panov-Botvinnik Attack.} O-O 12. Rae1 Ne7 13. Ne5 {[%emt 0:05:30] The position is equal.} ({Much weaker is} 13. Qxb7 Rfb8 14. Qa6 Qxa6 15. Bxa6 Rxb2 $17) 13... Bf5 14. Re3 (14. Qxb7 $2 {too greedy.} Bxd3 15. Nxd3 Rfb8 $19) 14... Rab8 {[%emt 0:10:40] [#]} 15. Rfe1 $146 {[%emt 0:01:01] [#]} ({Predecessor:} 15. Qd1 b5 16. Nb3 b4 17. Nc5 bxc3 18. bxc3 Bxd3 19. Qxd3 Nc6 20. f4 Rb2 21. Qa6 {0-1 Kobalia,M (2596)-Svane,R (2637) Titled Tuesday intern op 22nd Feb Early blitz 2022 (5)}) 15... b5 $1 16. a3 (16. Bxb5 $2 {is the wrong capture.} a6 17. a4 axb5 18. axb5 Rb7 $19) (16. Rc1 Nd7) 16... a5 17. Bxf5 Nxf5 18. Rh3 b4 19. axb4 axb4 20. Qc2 bxc3 21. bxc3 g6 (21... Rfc8 $15 22. Qd1 Ne7) 22. g4 $14 Ng7 23. Qc1 h5 24. gxh5 Ngxh5 {[%emt 0:04:23] [#]} 25. Ndf3 $1 Kg7 {[%emt 0:03:02] Repels Qh6+} 26. Nh4 (26. Kh1 $16) 26... Rh8 27. Rf3 {[%emt 0:08:30] Strongly threatening Qg5.} Rb7 28. Qg5 {[%emt 0:04:55][%cal Rh4g6] Nhxg6! is the strong threat.} Rh6 29. Qd2 (29. h3 $11) 29... Qd8 30. Qg5 {[%emt 0:00:11] Black must now prevent Ng4.} Qb8 (30... Qg8 $17 31. Rfe3 Ne4 32. Rxe4 dxe4) 31. Qe3 (31. Nxf7 $1 $15 {is superior.} Rxf7 32. Rxe6 Qb1+ 33. Kg2) 31... Rh7 $17 32. Rh3 Rb1 33. Nhf3 Rxe1+ 34. Qxe1 Nf4 35. Rxh7+ Nxh7 36. Nd7 Qc7 37. Nc5 Nf6 38. Ne5 {[%emt 0:01:34] [#] Wards off Ng4} ({White should try} 38. Qe5 Qxe5 39. dxe5) 38... Qa5 $1 39. Kh1 Qa2 40. Ncd3 Nxd3 41. Nxd3 {[%emt 0:02:30][%mdl 4096] Endgame KQN-KQN} Qc2 42. Nc5 Qf5 43. Qe2 Qh3 44. f3 Nh5 {[%emt 0:00:50] ( -> ...Ng3+)} 45. Kg1 Kg8 {[%emt 0:01:40] ...Nf4 would be deadly.} 46. Nd3 {[%emt 0:00:15] Against Nf4} Qh4 47. Qe5 {[%emt 0:03:10] Dodges Nf4} Qh3 (47... Qd8 $15) 48. Kf2 Qh4+ 49. Kg1 Qd8 50. Qe1 Qg5+ 51. Kh1 Ng7 52. Qc1 Qf5 53. Qe3 Qh3 {[%emt 0:00:13] And now ...Qf1+ would win.} 54. Kg1 {[%emt 0:01:22] Prevents Qf1+.} Nf5 55. Qf4 Nh4 56. Ne1 {[%emt 0:00:05] Inhibits Qg2+.} Nf5 57. Qb8+ Kg7 58. Qe5+ Kg8 {[%emt 0:00:19] Black had all chances to win.   Weighted Error Value: White=0.16 (very precise) /Black=0.17 (very precise)} 1/2-1/2

[Event "Polish Youth B18 Championship 2023"]
[Site "Jastrzebia Gora"]
[Date "2023.03.13"]
[Round "3.13"]
[White "Kozlowski, Franciszek"]
[Black "Budzisz, Adrian"]
[Result "0-1"]
[ECO "D45"]
[WhiteElo "1829"]
[BlackElo "2069"]
[Annotator "TA"]
[PlyCount "96"]
[EventDate "2023.03.11"]
[EventType "swiss"]
[EventCountry "POL"]
[SourceTitle "playchess.com"]
[Source "ChessBase"]
[SourceQuality "1"]
[TimeControl "40/5400+30:1800+30"]

1. d4 Nf6 2. Nf3 e6 3. c4 d5 4. e3 c6 5. Nc3 Nbd7 6. Qc2 Bd6 7. Be2 O-O 8. O-O a6 9. b3 Qe7 10. Bb2 e5 11. dxe5 Nxe5 12. cxd5 cxd5 13. Rfd1 {[%emt 0:00:30] D45: Semi-Slav: 5 e3.} Be6 14. Nd4 Ba3 15. Bxa3 {[%emt 0:03:53] White is slightly better.} (15. Nxd5 {is interesting.} Nxd5 16. Nxe6 Rfc8 17. Bxa3 Rxc2 18. Bxe7 fxe6 19. Bd6) 15... Qxa3 16. Qc1 {[%emt 0:00:07] [#]} Qa5 $146 ({Predecessor:} 16... Qxc1 17. Raxc1 Rac8 18. Na4 Rxc1 19. Rxc1 Rc8 20. Rxc8+ Bxc8 21. f3 h5 22. Kf2 Kf8 {1-0 Wojtaszek,R (2536)-Sulashvili,M (2326) Wch U18 Heraklion 2004 (11)}) 17. Qb2 {[%emt 0:00:37] Nxe6 would be deadly.} Rfe8 18. Nb1 Rac8 19. Nd2 Ne4 20. Nxe4 dxe4 21. Rac1 Bg4 (21... Rxc1 {simplifies} 22. Rxc1 g6 23. h3 Bd5) 22. Bxg4 (22. b4 $14 Qb6 23. Bxg4 Rxc1 24. Rxc1 Nxg4 25. Nf5) 22... Nxg4 $11 23. b4 Qe5 24. g3 $1 Qh5 25. h4 Ne5 {[%emt 0:00:55] And now ...Nd3 would win.} 26. Qe2 {[%emt 0:02:00] Dodges Nd3} Qg6 27. Rxc8 $40 {[%emt 0:06:09][%mdl 128] White mounts an attack.} Rxc8 28. Rd2 Qd6 29. Rc2 Rd8 30. a3 h6 31. Kg2 g6 32. h5 Kg7 33. hxg6 fxg6 34. Rc7+ {[%emt 0:00:17][%mdl 64] Double Attack} (34. Rc5 {feels hotter.} Nd3 35. Qg4 Qf6 36. Rc7+) 34... Kh8 {[%emt 0:00:22] [#]} (34... Rd7 $1 $11 35. Rxd7+ Qxd7) 35. Rxb7 (35. Qc2 $1 $16) 35... Rf8 $1 36. Qb2 {[%emt 0:05:31][%cal Od4c6] aiming for Nc6!} (36. Qc2 $5 Nd3 37. Qc3 $11) 36... Qf6 {[%emt 0:01:51] Against Nc6} 37. Nc6 Nxc6 $17 38. Qxf6+ Rxf6 {[%emt 0:00:06][%mdl 4096] Endgame KRN-KR} 39. Rb6 Kg7 {[%emt 0:00:25] Hoping for ...Ne5.} 40. Rxa6 Ne5 41. Ra7+ {[%emt 0:06:50][%mdl 8192] [#] White does not recover from this.} (41. b5 $17 {was the crucial defense.}) 41... Rf7 $1 $19 42. Ra8 Nd3 43. b5 Rxf2+ ({Stronger than} 43... Nxf2 44. b6 Ng4 45. Ra7 $11) 44. Kg1 Rb2 {[%emt 0:00:13][%cal Og7f6] Threatens to win with ...Kf6!} 45. a4 Kf6 {[%emt 0:00:13] ( -> ...Kf5)} 46. Rb8 Kf5 {[%emt 0:01:35] Black mates.} 47. a5 Kg4 48. b6 Kxg3 {[%emt 0:00:12] Weighted Error Value: White=0.58/Black=0.08 (flawless)} 0-1